 Dungeon Crawl Stone Soup version 0.29-a0-25-g7f48f510a0 (webtiles) character file.

Game seed: 8886492966674410468

480 Bosse the Conjurer (level 7, -3/41 HPs)
             Began as an Octopode Conjurer on Jan 31, 2022.
             Slain by a scorpion (6 damage)
             ... on level 5 of the Dungeon.
             The game lasted 00:07:46 (5090 turns).

Bosse the Conjurer (Octopode Conjurer)              Turns: 5090, Time: 00:07:47

Health: -3/41      AC:  1    Str:  7    XL:     7   Next: 12%
Magic:  7/13       EV: 13    Int: 22    God:
Gold:   146        SH:  0    Dex: 10    Spells: 13/14 levels left

rFire   . . .      SeeInvis .   b - +1 short sword (speed)
rCold   . . .      Faith    .   (no shield)
rNeg    . . .      Spirit   .   (helmet restricted)
rPois   .          Reflect  .   (no amulet)
rElec   .          Harm     .   (no ring)
rCorr   .          Rampage  .   (no ring)
Will    .....                   (no ring)
Stlth   +++.......              (no ring)
HPRegen 0.13/turn               (no ring)
MPRegen 0.13/turn               (no ring)
                                (no ring)
                                (no ring)

@: lethally poisoned (-3 -> -6)
A: almost no armour, amphibious, 8 rings, camouflage 1, gelatinous body 1,
(nimble swimmer 1), tentacles
a: no special abilities


You were on level 5 of the Dungeon.
You visited 1 branch of the dungeon, and saw 5 of its levels.

You collected 146 gold pieces.

Inventory:

Hand Weapons
 b - a +1 short sword of speed (weapon)
Missiles
 k - 2 throwing nets
Jewellery
 d - a ring of ice
Wands
 f - a wand of paralysis (9)
 m - a wand of polymorph (6)
Scrolls
 e - 3 scrolls of identify
 j - a scroll of silence {unknown}
 n - a scroll of fog {unknown}
Potions
 a - a potion of lignification
 c - 3 potions of brilliance {unknown}
 g - 2 potions of mutation {unknown}
 h - a potion of flight {unknown}
 i - a potion of haste {unknown}
 l - a potion of magic {unknown}


   Skills:
 + Level 0.1 Fighting
 + Level 0.5 Short Blades
 + Level 2.3 Dodging
 + Level 3.9 Stealth
 + Level 4.4 Spellcasting
 + Level 6.4 Conjurations


You had 13 spell levels left.
You knew the following spells:

 Your Spells              Type           Power      Damage    Failure   Level
a - Magic Dart            Conj           100%       1d8       1%          1

Your spell library contained the following spells:

 Spells                   Type           Power      Damage    Failure   Level
 Searing Ray              Conj           66%        2d6       1%          2
 Dazzling Flash           Conj/Hex       38%        N/A       9%          3
 Animate Skeleton         Necr           8%         N/A       11%         1
 Pain                     Necr           16%        1d4       11%         1
 Slow                     Hex            16%        N/A       11%         1
 Sublimation of Blood     Necr           4%         N/A       16%         2
 Wereblood                Tmut           4%         N/A       16%         2
 Fulminant Prism          Conj/Hex       9%         3d7       28%         4
 Iskenderun's Mystic Bla  Conj/Tloc      19%        2d6       28%         4
 Confusing Touch          Hex            4%         N/A       32%         3
 Vampiric Draining        Necr           4%         2d6       32%         3
 Summon Hydra             Summ           2%         N/A       100%        7


Dungeon Overview and Level Annotations

Branches:
Dungeon (5/15)
 Temple: D:4-7

Altars:

Shops:
D:3 =


Innate Abilities, Weirdness & Mutations

You cannot wear most types of armour.
You are amphibious.
You can wear up to eight rings at the same time.
Your skin changes colour to match your surroundings (Stealth+).
Your rubbery body absorbs attacks. (AC +1, EV +1)
((You are camouflaged when in or above water. (Stealth+)))
You have tentacles for arms and can constrict up to eight enemies at once.


Message History

Confirm with . or Enter, or press ? or * to list all spells.
Aiming: Magic Dart (safe; 1% risk of failure)
Press: ? - help, Shift-Dir - straight line, f/p - scorpion
Aim: a scorpion (lightly wounded, 100% to hit)
The magic dart hits the scorpion.
The scorpion is heavily wounded.
You feel very sick. The scorpion misses you.
Casting: Magic Dart (safe; 1% risk of failure)
Confirm with . or Enter, or press ? or * to list all spells.
Aiming: Magic Dart (safe; 1% risk of failure)
Press: ? - help, Shift-Dir - straight line, f/p - scorpion
Aim: a scorpion (heavily wounded, 100% to hit)
The magic dart hits the scorpion!
The scorpion is severely wounded.
You feel sick. The scorpion stings you!
* * * LOW HITPOINT WARNING * * *
Casting: Magic Dart (safe; 1% risk of failure)
Confirm with . or Enter, or press ? or * to list all spells.
Aiming: Magic Dart (safe; 1% risk of failure)
Press: ? - help, Shift-Dir - straight line, f/p - scorpion
Aim: a scorpion (severely wounded, 100% to hit)
The magic dart hits the scorpion but does no damage.
The scorpion is severely wounded.
* * * LOW HITPOINT WARNING * * *
You feel sick. The scorpion completely misses you.
You closely miss the scorpion. Your grab misses the scorpion.
The scorpion is severely wounded.
* * * LOW HITPOINT WARNING * * *
You feel sick. The scorpion barely misses you.
You barely miss the scorpion. Your grab misses the scorpion.
The scorpion is severely wounded.
The scorpion closely misses you.
You hit the scorpion but do no damage. You grab the scorpion.
You squeeze the scorpion, but do no damage.
The scorpion is severely wounded.
You constrict the scorpion.
* * * LOW HITPOINT WARNING * * *
You feel sick. The scorpion stings you.
You die...

## #.#
#.#######
##......#######
#@#####.......#
## #s##
#######.# #. #.
###.###. #.
#....... #.
......#.###. #.
#.######.# #.
#. #.# #.# #.
## #.# #.# #.
#># #.# #.


You could see a scorpion.

Vanquished Creatures
  2 phantoms (D:4)
  A bullfrog (D:4)
  A scorpion (D:5)
  A water moccasin skeleton (D:4)
  A jelly (D:4)
  A centaur skeleton (D:5)
  3 adders
  An ufetubus (D:4)
  A dart slug (D:1)
  An orc (D:3)
  8 ball pythons
  4 bats
  5 endoplasms
  3 giant cockroaches
  5 goblins
  7 hobgoblins
  3 jackals (D:3)
  6 kobolds
  7 quokkas
  4 frilled lizards
  4 rats
69 creatures vanquished.

Notes
Turn   | Place    | Note
-------+----------+-------------------------------------------
     0 | D:1      | Bosse the Octopode Conjurer began the quest for the Orb.
     0 | D:1      | Reached XP level 1. HP: 11/11 MP: 3/3
   194 | D:1      | Reached XP level 2. HP: 17/17 MP: 0/5
   671 | D:1      | Reached XP level 3. HP: 21/21 MP: 3/6
   897 | D:1      | Found a faded altar of an unknown god.
  1495 | D:2      | Reached skill level 5 in Conjurations
  1872 | D:2      | Reached XP level 4. HP: 27/27 MP: 5/7
  2399 | D:3      | Found Xennopn's Jewellery Shop.
  2904 | D:4      | Noticed a phantom
  2920 | D:4      | HP: 1/27 [phantom (9)]
  2922 | D:4      | Killed a phantom
  2923 | D:4      | Reached XP level 5. HP: 1/31 MP: 1/9
  3666 | D:4      | Reached XP level 6. HP: 36/36 MP: 6/11
  3841 | D:4      | Reached skill level 6 in Conjurations
  4453 | D:5      | Entered Level 5 of the Dungeon
  4801 | D:5      | Reached XP level 7. HP: 20/41 MP: 2/13
  5090 | D:5      | Slain by a scorpion

Illustrated notes

Levels and vault maps discovered:
D:1:      onia_arrival_pyramid, layout_rooms,
          shapermc_ecumenical_altar_mp_urbaneastern
D:2:      layout_loops_ring
D:3:      layout_loops_ring, serial_shops, shop, st_stairs_13
D:4:      cheibrodos_quashed, layout_loops_cross
D:5:      layout_loops_ring, nrook_pool_corridor

Skill      XL: |  1  2  3  4  5  6 |
---------------+-------------------+-----
Conjurations   | 5 6 |  6.4
Stealth        | 3 |  3.9
Spellcasting   | 3 4 |  4.4
Fighting       | |  0.1
Short Blades   | |  0.5
Dodging        | |  2.3

Action                   |  1- 3 |  4- 6 |  7- 9 || total
-------------------------+-------+-------+-------++-------
Melee: Short sword       |       |    15 |     3 ||    18
       Tentacles         |       |     2 |     1 ||     3
       Punch             |       |     1 |       ||     1
       Constrict         |       |       |     1 ||     1
 Cast: Magic Dart        |    78 |    93 |    17 ||   188
  Use: Scroll            |     1 |     2 |       ||     3
Armor: Skin              |       |     3 |       ||     3
Dodge: Dodged            |     3 |    19 |     9 ||    31

Table legend: (Time is in decaauts)
 A = Elapsed time spent in this place.
 B = Non-inter-level travel time spent in this place.
 C = Inter-level travel time spent in this place.
 D = Time resting spent in this place.
 E = Time spent auto-exploring this place.
 F = Levels seen in this place.
 G = Mean time per level.
                   A        B        C        D        E       F      G
               +--------+--------+--------+--------+--------+-----+--------+
         Total |   5083 |   5054 |     29 |    366 |   4205 |   5 | 1016.6 |
       Dungeon |   5083 |   5054 |     29 |    366 |   4205 |   5 | 1016.6 |
               +--------+--------+--------+--------+--------+-----+--------+

Top non-repeatable levels by time:
     D:4: 1570 daAuts
     D:1: 1022 daAuts
     D:2: 983 daAuts
     D:3: 870 daAuts
     D:5: 636 daAuts
